Map: Lerilak Crest

Players

LilDicky

  • Race: Terran Terran
  • League: Diamond

GBSN - Winner!

  • Race: Protoss Protoss
  • League: Diamond

VOD

http://www.twitch.tv/tumescentpie

Description

Time

  • Played on: Dec. 3, 2015, 10:21 a.m.
  • Length: 9:27
Show
View Real Time Build Order
Export as new Build Order

LilDicky Terran 

Build Orders: MMM Bio 

Get SALT Encoding   

  12  0:01  SCV  
  13  0:13  SCV  
  14  0:17  Supply Depot  
  14  0:25  SCV  
  15  0:29  Refinery  
  15  0:39  SCV  
  16  0:48  Barracks  
  16  0:56  SCV  
  17  1:08  SCV  
  18  1:25  SCV  
  19  1:35  Marine  
  19  1:37  Supply Depot  
  19  1:38  Orbital Command  
  20  1:44  Factory  
  20  1:57  Marine  
  21  2:04  Barracks  
  21  2:08  Barracks  
  21  2:16  Barracks Reactor  
  21  2:20  Refinery  
  21  2:46  SCV  
  22  2:51  Barracks Tech Lab  
  22  2:52  Widow Mine  
  22  2:54  Marine  
  22  2:55  Barracks Tech Lab, Marine  
  26  3:00  Supply Depot  
  26  3:11  Stimpack  
  26  3:12  Marine  
  26  3:15  Combat Shields  
  26  3:16  Marine  
  26  3:17  Marine  
  29  3:20  Supply Depot  
  29  3:21  Widow Mine  
  28  3:58  Marine x2  
  28  3:59  Marauder x2  
  32  4:11  SCV  
  32  4:16  Marine x2  
  35  4:20  Marauder  
  37  4:26  SCV  
  37  4:27  Marine  
  39  4:34  Marine x2  
  39  4:38  SCV  
  42  4:41  Marine  
  42  4:45  Marine  
  43  4:50  SCV  
  36  5:08  Marine x2  
  36  5:15  Marine  
  36  5:16  Marauder  
  36  5:20  SCV  
  40  5:23  Concussive Shells  
  40  5:26  Marine x2  
  40  5:32  SCV  
  40  5:33  Marauder  
  43  5:36  Widow Mine  
  43  5:37  Marine  
  46  5:43  Marine  
  47  5:56  SCV, Marine  
  47  5:58  Marine  
  47  6:01  Marine  
  46  6:05  Marauder  
  43  6:14  Marauder  
  43  6:16  Marine  
  45  6:19  Marine  
  45  6:21  SCV  
  45  6:26  Supply Depot, Marine  
  46  6:33  SCV  
  47  6:43  Supply Depot  
  47  6:47  Marine x4  
  47  7:05  Marine x4  
  43  7:12  SCV  
  44  7:18  Command Center  
  44  7:21  Widow Mine  
  46  7:23  Marine x4  
  50  7:41  Marauder x2, Marine x2  
  45  7:59  Marine  
  46  8:07  Engineering Bay, Marine x2  
  46  8:08  Marauder  
  46  8:09  SCV  
  51  8:16  Marine  
  50  8:24  Marine  
  50  8:25  Marauder  
  53  8:29  Marauder  
  55  8:38  Orbital Command, Missile Turret, Marine  
  56  8:42  Marine  
  56  8:44  Supply Depot  
  56  8:47  Marauder  
  59  8:50  Marine  
  52  8:55  Marine  
  52  9:00  Marine  
Show
View Real Time Build Order
Export as new Build Order

GBSN Protoss - Winner!

Build Orders: 1 Gate Expand 

Get SALT Encoding   

  12  0:01  Probe (Chrono Boost)  
  13  0:11  Probe (Chrono Boost)  
  14  0:17  Pylon  
  14  0:22  Probe (Chrono Boost)  
  16  0:35  Probe (Chrono Boost)  
  16  0:41  Gateway  
  16  0:46  Probe (Chrono Boost)  
  16  0:47  Assimilator  
  17  0:56  Probe (Chrono Boost)  
  18  1:11  Probe (Chrono Boost)  
  19  1:22  Nexus  
  19  1:25  Probe (Chrono Boost)  
  20  1:36  Cybernetics Core  
  20  1:38  Probe (Chrono Boost)  
  21  1:49  Probe (Chrono Boost), Assimilator  
  22  1:59  Probe (Chrono Boost)  
  23  2:16  Pylon  
  23  2:30  Warp Gate  
  23  2:33  Probe (Chrono Boost)  
  23  2:34  Probe (Chrono Boost)  
  25  2:38  Robotics Facility  
  26  2:44  Probe (Chrono Boost)  
  26  2:45  Probe (Chrono Boost)  
  26  2:50  Adept  
  29  2:54  Probe (Chrono Boost)  
  29  2:56  Mothership Core (Chrono Boost)  
  32  3:05  Probe (Chrono Boost)  
  33  3:07  Pylon  
  33  3:13  Twilight Council  
  33  3:14  Probe (Chrono Boost)  
  33  3:16  Probe (Chrono Boost)  
  35  3:24  Probe (Chrono Boost)  
  35  3:26  Probe (Chrono Boost)  
  37  3:28  Observer  
  38  3:35  Probe (Chrono Boost)  
  38  3:37  Probe (Chrono Boost)  
  39  3:42  Adept  
  41  3:57  Probe (Chrono Boost)  
  41  3:59  Probe (Chrono Boost)  
  43  4:11  Probe (Chrono Boost)  
  43  4:13  Gateway  
  43  4:14  Probe (Chrono Boost)  
  45  4:22  Probe (Chrono Boost), Assimilator  
  46  4:24  Probe (Chrono Boost)  
  46  4:26  Assimilator  
  46  4:29  Warp Prism  
  49  4:32  Probe (Chrono Boost)  
  45  5:08  Stalker  
  45  5:11  Immortal (Chrono Boost)  
  48  5:17  Gateway  
  48  5:18  Gateway  
  46  5:29  Probe  
  46  5:30  Probe  
  46  5:33  Stalker  
  50  5:40  Probe, Dark Shrine  
  51  5:43  Probe  
  51  5:46  Warp Prism (Chrono Boost)  
  50  5:50  Probe  
  39  6:00  Stalker x2  
  41  6:19  Immortal (Chrono Boost)  
  41  6:21  Probe  
  41  6:22  Probe  
  47  6:26  Stalker x2  
  47  6:31  Probe  
  51  6:34  Probe  
  49  6:55  Stalker x4  
  49  7:04  Probe  
  49  7:06  Probe  
  49  7:16  Probe  
  49  7:17  Immortal (Chrono Boost)  
  49  7:21  Pylon  
  54  7:24  Pylon  
  54  7:25  Pylon  
  54  7:37  Probe  
  54  7:39  Probe  
  54  7:40  Pylon  
  54  7:43  Stalker x2  
  54  7:44  Stalker x2  
  56  7:51  Immortal (Chrono Boost)  
  51  8:09  Dark Templar  
  51  8:10  Dark Templar  
  55  8:18  Probe, Zealot x2  
  55  8:19  Probe  
  59  8:28  Probe  
  59  8:31  Probe  
  61  8:38  Mothership Core  
  61  8:39  Stalker  
  61  8:40  Stalker  
  61  8:41  Nexus  
  67  8:47  Stalker  
  67  8:48  Stalker  
  65  9:04  Stalker x2  
  65  9:05  Pylon  
Tags
 
Add a new tag
Caveats
  • Supply blocks, unpowered buildings, or Contaminate may cause inaccurate times.
  • Supply counts are checked every 10 seconds.